 Dungeon Sprint DCSS version 0.20.1-1-g8b1a95d (webtiles) character file.

348 KingStallion the Carver (level 6, -7/61 HPs)
             Began as a Barachi Berserker on Oct 23, 2017.
             Was a Believer of Trog.
             Mangled by an iron imp (12 damage)
             ... summoned by a neqoxec
             ... in the Dungeon (Sprint II: "The Violet Keep of Menkaure").
             The game lasted 00:01:57 (169 turns).

KingStallion the Carver (Barachi Berserker)          Turns: 169, Time: 00:01:58

Health: -7/61      AC:  2    Str: 20      XL:     6   Next: 60%
Magic:  6/6        EV: 13    Int:  7      God:    Trog [**....]
Gold:   243        SH:  0    Dex:  7 (12) Spells: 5/5 levels left

rFire    . . .     SeeInvis .   a - +0 falchion
rCold    . . .     Gourm    .   (no shield)
rNeg     . . .     Faith    .   b - +0 animal skin
rPois    .         Spirit   .   (no helmet)
rElec    .         Reflect  .   (no cloak)
rCorr    .         Harm     .   (no gloves)
MR       .....     NoTele   +   (no boots)
Stlth    +.........             (no amulet)
Regen    0.2/turn               (no ring)
MPRegen  0.1/turn               (no ring)

@: berserk cooldown, slowed, very slow
A: +LOS, swims, slowness 1, strong legs 1
a: Hop, Berserk, Trog's Hand, Burn Spellbooks, Renounce Religion


You were in the Dungeon.
You worshipped Trog.
Trog was pleased with you.
You were not hungry.

You visited 1 branch You collected 243 gold pieces.

Inventory:

Hand Weapons
 a - a +0 falchion (weapon)
Armour
 b - a +0 animal skin (worn)
Scrolls
 i - a scroll of blinking
Potions
 d - a potion of curing
 e - a potion of heal wounds
 f - a potion of haste
 g - 2 potions of magic
 h - a potion of berserk rage
Comestibles
 c - a bread ration
 j - a chunk of flesh


   Skills:
 * Level 10.5 Fighting
 * Level 10.9 Long Blades
 * Level 5.9 Armour
 + Level 4.7 Dodging
 + Level 0.2 Stealth


You had 5 spell levels left.
You didn't know any spells.

Dungeon Overview and Level Annotations

Branches:
Dungeon (1/1)

Altars:

Shops:
D [=}[:(![*[%?!=

Annotations:
D exclusion: oklob plant


Innate Abilities, Weirdness & Mutations

Shadows flee at your approach. (+LOS)
You can swim through water.
You cover ground slowly.
You can hop short distances.


Message History

The quasit bites you.
* * * LOW HITPOINT WARNING * * *
The quasit misses you. The quasit barely misses you. The neqoxec hits you.
* * * LOW HITPOINT WARNING * * *
The quasit bites you.
* * * LOW HITPOINT WARNING * * *
The quasit misses you. The quasit closely misses you.
You slash the quasit!
You kill the quasit!
The neqoxec barely misses you.
Unknown command.
The neqoxec gestures.
There is an open door here.
You barely miss the iron imp.
Your skin stops crawling.
You feel less resistant to hostile enchantments.
The neqoxec hits you!
* * * LOW HITPOINT WARNING * * *
The iron imp hits you!
You die...

≈##
#########≈≈#+++
########≈≈≈...
∩.∩....#≈≈≈≈.##+#
.∩.∩...#≈≈≈M
#33.## ..∩.∩..#≈≈≈
##3# ...∩.⌠.#≈≈###
##3##
..∩.∩..#≈##.# #@##
.∩.∩...#≈#..###5##
∩.∩....+≈'##.'.<.+
.∩.....#≈#..###.##
▓▓▓▓▓###≈##.# #+#
hh######≈≈### hG
##≈ P +#


You could see 2 neqoxecs and an iron imp.

Vanquished Creatures
  A neqoxec (D)
  Menkaure (D)
  4 worker ants (D)
6 creatures vanquished.

Vanquished Creatures (others)
  A crocodile (D)
1 creature vanquished.

Grand Total: 7 creatures vanquished

Notes
Turn   | Place    | Note
-------+----------+-------------------------------------------
     0 | D        | KingStallion the Barachi Berserker began the quest for the Orb.
     0 | D        | Reached XP level 1. HP: 18/18 MP: 1/1
     1 | D        | Noticed a worker ant
     1 | D        | Noticed a worker ant
     4 | D        | Killed a worker ant
     4 | D        | Reached skill level 5 in Fighting
     4 | D        | Reached skill level 5 in Long Blades
     4 | D        | Reached XP level 2. HP: 27/27 MP: 2/2
     4 | D        | Reached XP level 3. HP: 33/33 MP: 3/3
    13 | D        | Reached ** piety under Trog
    13 | D        | Reached XP level 4. HP: 37/43 MP: 4/4
    69 | D        | Found Gaiptus's Magic Scroll Emporium.
    69 | D        | Found Fiolap's Book Emporium.
    69 | D        | Found Xuakhyr's Antique Armour Shoppe.
    69 | D        | Found Adomnoes's Jewellery Emporium.
    69 | D        | Found Biruc's Antique Armour Shoppe.
    69 | D        | Found Iraptasch's Food Shoppe.
    69 | D        | Found Qoerirhu's Distillery.
    69 | D        | Found Odoleph's Distillery.
    69 | D        | Found Edeth's Antique Armour Emporium.
    69 | D        | Found Xitib's Gadget Shoppe.
    69 | D        | Found Huantup's Antique Weapon Shoppe.
    69 | D        | Noticed a black bear
    70 | D        | Found Rysy's Armour Emporium.
    71 | D        | Noticed a black bear
    71 | D        | Found Nel Hu Amun's General Store.
    71 | D        | Found Izxiguid's Jewellery Shoppe.
    71 | D        | Noticed Menkaure
    71 | D        | Noticed an oklob plant
    71 | D        | Noticed a great orb of eyes
    72 | D        | Noticed a black bear
    80 | D        | Killed Menkaure
    80 | D        | Reached skill level 5 in Armour
    80 | D        | Reached XP level 5. HP: 52/52 MP: 5/5
   128 | D        | Noticed a neqoxec
   129 | D        | Killed a crocodile
   136 | D        | Killed a neqoxec
   136 | D        | Reached skill level 10 in Fighting
   136 | D        | Reached skill level 10 in Long Blades
   136 | D        | Reached XP level 6. HP: 61/61 MP: 6/6
   148 | D        | Noticed a neqoxec
   149 | D        | Noticed a neqoxec
   149 | D        | Noticed a neqoxec
   169 | D        | Mangled by an iron imp

Skill      XL: |  1  2  3  4  5 |
---------------+----------------+-----
Fighting       | 5 7 9 10 | 10.5
Long Blades    | 5 7 9 10 | 10.9
Armour         | 3 5 |  5.9
Dodging        | 3 4 |  4.7
Stealth        | |  0.2

Action                   |  1- 3 |  4- 6 || total
-------------------------+-------+-------++-------
Melee: Falchion          |     7 |    32 ||    39
Invok: Berserk           |     1 |     2 ||     3
       Trog's Hand       |       |     2 ||     2
  Eat: Chunk             |       |     1 ||     1
Armor: Animal skin       |       |    11 ||    11
Dodge: Dodged            |     3 |    62 ||    65
       Rpst.: Falchion   |     2 |    10 ||    12
